Map: Dasan Station LE

Players

антон

  • Race: Protoss Protoss

Gracz - Winner!

  • Race: Zerg Zerg
  • League: Bronze

VOD

Have the link to the VOD?

Description

Time

  • Played on: Aug. 29, 2016, 5:18 a.m.
  • Length: 20:27
Show
View Real Time Build Order
Export as new Build Order

антон Protoss 

Build Orders:  

Get SALT Encoding   

  12  0:09  Assimilator  
  12  0:25  Pylon  
  12  0:31  Pylon  
  12  0:43  Pylon  
  12  0:56  Gateway  
  12  1:13  Forge  
  12  1:22  Pylon  
  12  1:49  Zealot  
  14  2:06  Photon Cannon  
  14  2:16  Zealot  
  16  2:32  Pylon  
  16  2:53  Photon Cannon  
  16  2:56  Photon Cannon  
  16  3:15  Cybernetics Core  
  16  3:22  Probe (Chrono Boost)  
  17  3:33  Probe (Chrono Boost)  
  18  3:44  Probe (Chrono Boost)  
  19  3:54  Probe (Chrono Boost)  
  20  4:09  Mothership Core (Chrono Boost)  
  22  4:18  Stalker  
  24  4:32  Photon Cannon  
  24  4:48  Stalker  
  26  5:03  Photon Cannon  
  26  5:14  Photon Cannon  
  26  5:20  Photon Cannon  
  26  5:25  Photon Cannon  
  26  5:33  Photon Cannon  
  26  5:46  Photon Cannon  
  26  6:17  Photon Cannon  
  26  6:25  Photon Cannon  
  26  6:27  Stalker  
  28  6:45  Photon Cannon  
  28  6:57  Stalker  
  30  7:07  Photon Cannon  
  30  7:10  Photon Cannon  
  30  7:30  Robotics Facility  
  30  7:56  Twilight Council  
  30  7:59  Stalker  
  32  8:14  Protoss Ground Weapons Level 1  
  32  8:28  Immortal  
  32  8:29  Stalker  
  38  9:01  Templar Archives  
  38  9:15  Warp Gate  
  38  9:39  High Templar  
  40  10:18  High Templar  
  42  10:48  Robotics Bay  
  42  10:57  Stalker  
  44  11:05  Pylon  
  44  12:02  Colossus  
  50  12:46  Archon  
  50  13:06  High Templar  
  52  13:53  Assimilator  
  52  15:12  Protoss Ground Weapons Level 2  
  52  15:26  Stalker  
  53  16:05  Stalker  
  46  16:48  Stargate  
  44  17:34  Void Ray  
  48  17:41  Zealot  
  50  18:07  Stalker  
  52  18:35  Stalker  
  54  19:06  Void Ray  
  58  19:41  Stalker  
  60  20:05  Stalker  
Show
View Real Time Build Order
Export as new Build Order

Gracz Zerg - Winner!

Build Orders: Pool First 

Get SALT Encoding   

  12  0:20  Drone  
  12  0:21  Drone  
  14  0:28  Spawning Pool  
  13  0:29  Extractor  
  12  0:37  Overlord  
  12  1:18  Zergling x6  
  15  1:45  Drone x2  
  17  2:02  Hatchery  
  16  2:23  Drone x3  
  16  2:25  Metabolic Boost  
  19  3:02  Drone x3  
  22  3:08  Roach Warren  
  21  3:27  Queen  
  23  3:36  Evolution Chamber  
  22  3:41  Spine Crawler  
  21  3:52  Drone  
  21  3:53  Drone x2  
  24  4:11  Lair  
  24  4:15  Roach  
  24  4:16  Roach  
  28  4:23  Overlord  
  28  4:31  Overlord  
  28  4:41  Queen  
  30  4:56  Roach x3  
  36  5:05  Zerg Ground Armor Level 1  
  36  5:09  Drone  
  36  5:10  Drone x3  
  40  5:23  Spire  
  39  6:07  Hatchery  
  38  6:15  Queen  
  38  6:17  Queen  
  42  6:32  Extractor, Drone  
  42  6:33  Drone x2  
  44  6:43  Overlord x3  
  44  7:26  Extractor, Drone x3  
  46  7:34  Mutalisk x3  
  52  7:39  Drone x3  
  55  7:47  Drone x3  
  58  7:53  Drone x2  
  58  7:54  Drone x2  
  58  7:56  Drone  
  58  7:57  Drone x3  
  66  8:01  Mutalisk  
  68  8:12  Drone x4  
  72  8:17  Extractor  
  71  8:32  Mutalisk  
  73  8:34  Overlord x3  
  73  8:43  Drone  
  74  8:49  Zerg Melee Weapons Level 1  
  74  8:51  Zerg Flyer Weapons Level 1  
  74  8:52  Queen  
  74  8:54  Drone x4  
  80  9:00  Mutalisk x2  
  84  9:03  Mutalisk  
  86  9:11  Extractor  
  86  9:12  Drone  
  86  9:13  Extractor  
  85  9:25  Mutalisk  
  85  9:28  Mutalisk x2  
  91  9:39  Drone  
  91  9:43  Mutalisk  
  91  9:44  Mutalisk  
  96  10:09  Queen  
  98  10:27  Overlord x2  
  98  10:28  Overlord  
  98  11:15  Zergling x2  
  98  11:16  Zergling x34  
  116  11:51  Infestation Pit  
  115  12:15  Mutalisk  
  115  12:17  Overlord x2  
  115  12:18  Overlord  
  117  12:32  Drone  
  117  12:33  Drone x3  
  121  12:37  Hatchery  
  120  12:57  Mutalisk  
  120  12:58  Mutalisk x2  
  122  12:59  Mutalisk x7  
  140  13:19  Mutalisk  
  140  13:20  Mutalisk  
  140  13:21  Mutalisk  
  146  14:00  Extractor  
  145  14:07  Queen  
  147  14:21  Mutalisk  
  147  14:22  Roach  
  147  14:23  Overlord x3  
  151  14:43  Queen  
  153  15:01  Hive  
  153  16:18  Mutalisk  
  153  16:19  Mutalisk x10  
  153  16:20  Overlord x2  
  153  16:21  Overlord  
  169  17:12  Mutalisk  
  169  17:13  Roach, Mutalisk x3  
  169  17:14  Mutalisk x6  
  191  17:26  Baneling Nest  
  191  17:27  Zergling x2  
  191  17:54  Mutalisk x4  
  199  18:12  Baneling x5  
  199  18:13  Baneling x3  
  199  18:14  Baneling  
  199  18:16  Ravager  
  200  18:20  Baneling x2  
  200  18:21  Baneling  
  200  18:23  Baneling  
  200  20:02  Overseer  
Tags
 
Add a new tag
Caveats
  • Supply blocks, unpowered buildings, or Contaminate may cause inaccurate times.
  • Supply counts are checked every 10 seconds.